 Dungeon Crawl Stone Soup version 0.25-a0-665-ga69d64035b (webtiles) character file.

Game seed: 2279406907483251451, levelgen mode: deterministic

343 kae the Conjurer (level 6, 0/32 HPs)
             Began as a Tengu Fire Elementalist on Mar 26, 2020.
             Slain by an adder (4 damage)
             ... on level 4 of the Dungeon.
             The game lasted 00:04:00 (4384 turns).

kae the Conjurer (Tengu Fire Elementalist)          Turns: 4384, Time: 00:04:01

Health: 0/32       AC:  2    Str:  9    XL:     6   Next: 57%
Magic:  8/12       EV: 15    Int: 17    God:
Gold:   77         SH:  0    Dex: 14    Spells: 1/12 levels left

rFire    . . .     SeeInvis .   (no weapon)
rCold    . . .     Gourm    .   (no shield)
rNeg     . . .     Faith    .   a - +0 robe
rPois    .         Spirit   .   (helmet restricted)
rElec    .         Reflect  .   (no cloak)
rCorr    .         Harm     .   (no gloves)
MR       .....                  (boots unavailable)
Stlth    ++........             (no amulet)
HPRegen  0.10/turn              h - ring of wizardry
MPRegen  0.13/turn              (no ring)

@: flying quickly and evasively, quick
A: beak, talons 3, able to fly
a: Stop Flying


You were on level 4 of the Dungeon.
You were not hungry.

You visited 1 branch of the dungeon, and saw 4 of its levels.

You collected 77 gold pieces.

Inventory:

Armour
 a - a +0 robe (worn)
 g - a +0 cloak
Jewellery
 h - a ring of wizardry (left hand)
 i - an uncursed amulet of faith {unknown}
Scrolls
 d - a scroll of teleportation
 f - 2 scrolls of remove curse
Potions
 b - a potion of curing {unknown}
 e - 2 potions of mutation {unknown}
 l - a potion of lignification {unknown}
Comestibles
 c - 3 rations


   Skills:
 - Level 2.1 Dodging
 - Level 2.0 Stealth
 + Level 3.5 Spellcasting
 - Level 6.0 Conjurations
 + Level 4.8 Fire Magic


You had one spell level left.
You knew the following spells:

 Your Spells              Type           Power        Failure   Level  Hunger
a - Foxfire               Conj/Fire      ###.         1%          1    None
b - Conjure Flame         Conj/Fire      ###.....     2%          3    ###....
c - Inner Flame           Hex/Fire       ##......     8%          3    ###....
d - Sticky Flame          Conj/Fire      ###.....     7%          4    ####...

Your spell library contained the following spells:

 Spells                   Type           Power        Failure   Level  Hunger
 Fireball                 Conj/Fire      ###.......   19%         5    ######.


Dungeon Overview and Level Annotations

Branches:
Dungeon (4/15)
 Temple: D:4-7

Altars:
Hepliaklqana
Okawaru


Innate Abilities, Weirdness & Mutations

You have a beak for a mouth.
You have claws for feet.
You can fly continuously.


Message History

The foxfire hits the centaur.
The centaur is severely wounded.
Casting: Foxfire (safe; 1% risk of failure)
Confirm with . or Enter, or press ? or * to list all spells.
You conjure some foxfire!
The centaur shoots an arrow.
The arrow closely misses you.
The centaur shoots an arrow.
The arrow hits you!
The foxfire hits the centaur.
The centaur is severely wounded.
The foxfire hits the centaur.
The centaur is severely wounded.
The centaur shoots an arrow.
The arrow closely misses you.
Casting: Foxfire (safe; 1% risk of failure)
Confirm with . or Enter, or press ? or * to list all spells.
You conjure some foxfire!
The centaur shoots an arrow.
The arrow hits you!
* * * LOW HITPOINT WARNING * * *
The foxfire hits the adder but does no damage.
The foxfire hits the adder.
The adder is moderately wounded.
The centaur shoots an arrow.
The arrow closely misses you. The adder bites you.
You die...

.#. #.# ....#..##...$...#
................#.#
....#...#......... #####.
...#c..#.........# ......
#............(...#
......##.##.....#.......#
.......[.§.S..##.......
##....##.§@......#...#
#......#.).##....#...#####.
##.............#............
#......)...(....#...........
......÷)........#..........>
...............##......##...
[.........#...............##
.........##....#............
##.#...§......##...#........


You could see a centaur and an adder.

Vanquished Creatures
  A sky beast (D:3)
  A howler monkey (D:4)
  An orc priest (D:4)
  An orc wizard (D:4)
  A bullfrog skeleton (D:3)
  5 adders
  An ooze (D:3)
  An adder skeleton (D:4)
  2 worms (D:2)
  3 orcs (D:4)
  4 giant cockroaches
  10 hobgoblins
  3 jackals (D:3)
  10 kobolds
  A ball python (D:1)
  8 bats
  6 frilled lizards
  7 goblins
  6 rats
72 creatures vanquished.

Vanquished Creatures (others)
  236 foxfires
236 creatures vanquished.

Grand Total: 308 creatures vanquished

Notes
Turn   | Place    | Note
-------+----------+-------------------------------------------
     0 | D:1      | kae the Tengu Fire Elementalist began the quest for the
                  | Orb.
     0 | D:1      | Reached XP level 1. HP: 10/10 MP: 4/4
   135 | D:1      | Reached skill level 2 in Conjurations
   331 | D:1      | Reached XP level 2. HP: 15/15 MP: 0/6
   943 | D:1      | Reached XP level 3. HP: 19/19 MP: 4/7
  1504 | D:2      | Found an iron altar of Okawaru.
  1507 | D:2      | Reached skill level 3 in Conjurations
  1648 | D:2      | Found a hazy altar of Hepliaklqana.
  2605 | D:2      | Reached XP level 4. HP: 24/24 MP: 3/8
  2787 | D:3      | Noticed a sky beast
  2806 | D:3      | Learned a level 3 spell: Conjure Flame
  2810 | D:3      | Learned a level 3 spell: Inner Flame
  2873 | D:3      | Reached skill level 4 in Conjurations
  3144 | D:3      | Gained mutation: You can fly continuously. [Tengu growth]
  3144 | D:3      | Reached XP level 5. HP: 28/28 MP: 7/10
  3254 | D:3      | Killed a sky beast
  3254 | D:3      | Reached skill level 5 in Conjurations
  3558 | D:3      | Reached XP level 6. HP: 12/32 MP: 6/11
  4090 | D:4      | Reached skill level 6 in Conjurations
  4320 | D:4      | Learned a level 4 spell: Sticky Flame
  4384 | D:4      | Slain by an adder

Levels and vault maps discovered:
D:1:      dpeg_arrival_morbid_curiosity, layout_basic
D:2:      layout_loops_ring, okawaru_gym_becter, lemuel_round_altar
D:3:      layout_basic, first_ration, chequers_serial_rivers_marsh
D:4:      layout_cave_pools, lemuel_crystal_altar,
          gammafunk_temple_overflow_wave

Skill      XL: |  1  2  3  4  5  6 |
---------------+-------------------+-----
Conjurations   | 2 3 4 5 6 |  6.0
Fire Magic     | 4 |  4.8
Spellcasting   | 3 |  3.5
Dodging        | |  2.1
Stealth        | |  2.0

Action                   |  1- 3 |  4- 6 || total
-------------------------+-------+-------++-------
Melee: Unarmed           |    25 |    11 ||    36
       Kick              |     6 |     2 ||     8
       Peck              |     6 |     2 ||     8
 Cast: Foxfire           |    81 |    70 ||   151
 Abil: Fly               |       |     1 ||     1
  Use: Scroll            |     1 |     7 ||     8
 Stab: Sleeping          |     2 |     1 ||     3
  Eat: Chunk             |     2 |     3 ||     5
       Ration            |     1 |     1 ||     2
Armor: Robe              |     7 |     9 ||    16
Dodge: Dodged            |    44 |    42 ||    86

Table legend:
 A = Non-vault XP
 B = Vault XP
 C = Vault XP percentage of total XP
 D = Non-vault monster count
 E = Vault monster count
 F = Vault count percentage of total count
                 A         B        C        D         E       F
            +---------+---------+-------+---------+---------+-------
      Total |     481 |       9 |   1.8 |      67 |       5 |   6.9
            +---------+---------+-------+---------+---------+-------
        D:1 |      27 |       9 |  25.0 |      18 |       5 |  21.7
        D:2 |      46 |       0 |   0.0 |      17 |       0 |   0.0
        D:3 |     254 |       0 |   0.0 |      22 |       0 |   0.0
        D:4 |     154 |       0 |   0.0 |      10 |       0 |   0.0
            +---------+---------+-------+---------+---------+-------
